AoeStats
← k3p

Arena

510420632Analyzed
1v1 RM · 3d ago on Sep 30, 2026· 43m 59s· 2 players
Game mode
Random Map
Map size
Tiny (2 player)
Population
200
Speed
Normal
Resources
Standard
Victory
Conquest
Starting age
Dark Age
Ending age
Imperial Age
RankedLock teamsTeams togetherTeam positionsShared explorationLock speedFull tech treeHidden civsTurbo modeCheats
Victory
Defeat
🇨🇦 Burgundians · Canada
867
+15
🇺🇸 Turks · United States
845
-15
Garam Chai
10:39 Feudal Age
15:29 Castle Age
13:47 Double-Bit Axe
14:04 Horse Collar
16:55 Heavy Plow
26:36 Heavy Plow
31:02 Imperial Age
30:23 Stone Mining
30:27 Gold Mining
32:00 Gold Shaft Mining
32:26 Wheelbarrow
32:15 Bow Saw
36:41 Forging
36:31 Scale Mail Armor
36:54 Elite Janissary
40:33 Heavy Camel Rider
k3p
4:50 Double-Bit Axe
10:23 Feudal Age
10:06 Horse Collar
11:27 Bow Saw
12:49 Heavy Plow
18:54 Castle Age
17:04 Gold Mining
19:32 Cavalier
19:37 Light Cavalry
19:44 Cavalier
23:17 Elite Skirmisher
23:25 Pikeman
24:57 Gold Shaft Mining
24:15 Stone Mining
25:01 Forging
24:51 Scale Mail Armor
24:56 Scale Barding Armor
25:02 Scale Barding Armor
30:19 Imperial Age
27:56 Husbandry
30:29 Wheelbarrow
31:15 Iron Casting
30:40 Scale Mail Armor
31:01 Chain Barding Armor
30:41 Padded Archer Armor
30:31 Fletching
32:00 Chemistry
31:24 Paladin
31:40 Halberdier
33:15 Squires
33:01 Arson
34:09 Burgundian Vineyards
42:44 Light Cavalry
42:48 Paladin
44:36 Blast Furnace
43:51 Chain Mail Armor
44:11 Plate Barding Armor
43:52 Leather Archer Armor
43:32 Bodkin Arrow
43:48 Hussar
Connection lost

Rejoining the realm…

Still unreachable

The connection could not be restored.

Session expired

The server has moved on; the page needs a fresh start.